Map: Daybreak LE (Void)

Players

Trizztein - Winner!

  • Race: Terran Terran
  • League: Diamond
  • Spawn Location: 7:00

dNa

  • Race: Terran Terran
  • League: Diamond
  • Spawn Location: 1:00

VOD

Have the link to the VOD?

Description

Time

  • Played on: Dec. 10, 2016, 7:37 p.m.
  • Length: 14:18
Show
View Real Time Build Order
Export as new Build Order

Trizztein Terran - Winner!

Build Orders: Reaper Expand, Mech 

Get SALT Encoding   

  12  0:01  SCV  
  13  0:13  SCV  
  14  0:18  Supply Depot  
  14  0:25  SCV  
  15  0:40  SCV  
  15  0:41  Barracks  
  16  0:45  Refinery  
  16  0:52  SCV  
  17  1:04  SCV  
  18  1:18  SCV  
  19  1:30  Orbital Command  
  19  1:31  Reaper  
  20  1:46  Command Center  
  20  2:02  Supply Depot  
  20  2:03  Marine  
  20  2:08  SCV  
  21  2:17  Factory  
  21  2:20  SCV  
  22  2:27  Refinery  
  22  2:32  SCV  
  23  2:42  Barracks Reactor  
  23  2:44  SCV  
  24  2:56  SCV  
  25  2:59  Orbital Command  
  25  3:02  Starport  
  25  3:03  Factory Tech Lab  
  25  3:09  SCV  
  26  3:18  Marine x2  
  28  3:21  SCV  
  28  3:23  Siege Tank  
  28  3:25  SCV  
  33  3:29  Refinery  
  33  3:33  SCV  
  34  3:37  SCV  
  34  3:39  Starport Tech Lab  
  34  3:40  Marine x2  
  37  3:45  SCV  
  38  3:49  SCV, Supply Depot  
  39  3:57  SCV  
  39  4:01  SCV, Raven  
  43  4:09  SCV  
  44  4:12  Marine x2, Supply Depot  
  44  4:13  SCV  
  47  4:17  Siege Tank  
  47  4:21  SCV  
  51  4:27  SCV  
  52  4:35  Command Center  
  52  4:36  SCV  
  53  4:40  SCV  
  54  4:46  Refinery  
  54  4:48  SCV  
  55  4:56  SCV  
  56  5:00  SCV  
  56  5:02  Siege Tank  
  56  5:03  Viking  
  61  5:08  Viking  
  61  5:09  SCV  
  61  5:13  SCV  
  62  5:23  Supply Depot  
  62  5:27  Armory  
  62  5:28  Factory  
  62  5:39  Viking  
  62  5:40  SCV, Supply Depot  
  62  5:42  SCV  
  62  5:52  SCV  
  62  5:53  Medivac  
  62  5:54  SCV  
  62  5:55  Marine  
  67  6:02  Factory  
  67  6:03  Supply Depot  
  67  6:04  SCV, Supply Depot  
  68  6:06  SCV  
  69  6:13  Siege Tank  
  69  6:14  Siege Tank  
  69  6:16  SCV, Viking  
  78  6:21  Orbital Command  
  77  6:29  SCV  
  78  6:34  SCV  
  79  6:41  SCV  
  79  6:45  Siege Tank  
  81  6:50  SCV  
  81  6:52  SCV  
  81  6:53  SCV  
  83  7:00  Siege Tank  
  86  7:01  Terran Vehicle Weapons Level 1  
  86  7:02  SCV  
  86  7:03  Armory  
  87  7:09  Factory Reactor  
  87  7:10  Engineering Bay  
  87  7:11  Barracks Tech Lab  
  87  7:20  Factory, Barracks Reactor  
  87  7:21  SCV x3  
  90  7:23  Refinery  
  90  7:33  SCV x3  
  90  7:35  Siege Tank  
  90  7:36  Hellion  
  98  7:38  Supply Depot  
  98  7:45  SCV x3  
  101  7:51  Command Center  
  101  7:52  Refinery  
  101  7:53  Terran Vehicle And Ship Armor Level 1, Supply Depot  
  101  7:54  Supply Depot, Viking x2  
  101  7:57  Hellion  
  107  8:07  Cyclone  
  110  8:17  Missile Turret  
  110  8:18  Missile Turret  
  110  8:19  Missile Turret x2  
  110  8:20  Thor  
  110  8:22  Cyclone, Missile Turret  
  119  8:36  Sensor Tower  
  118  8:44  SCV  
  118  8:45  SCV x2  
  121  8:49  Cyclone x2  
  121  8:53  Viking x2  
  121  8:54  Hellion  
  133  8:57  Supply Depot  
  133  8:59  Supply Depot  
  133  9:02  SCV x3, Supply Depot  
  136  9:03  Cyclone  
  136  9:04  Hellion  
  141  9:11  Terran Vehicle Weapons Level 2  
  141  9:14  SCV x2  
  143  9:20  Supply Depot  
  143  9:21  Cyclone, Hellion x2  
  152  9:24  Hellion  
  152  9:25  Hellion  
  152  9:29  Factory  
  154  9:31  Planetary Fortress  
  152  9:44  Refinery  
  152  9:46  Refinery  
  152  9:51  Hellion x2, Siege Tank  
  152  9:52  Terran Vehicle And Ship Armor Level 2  
  157  10:08  Hellion x2, Siege Tank  
  157  10:12  Factory Tech Lab  
  164  10:22  Hellion x2  
  164  10:23  Siege Tank  
  171  10:34  Hellion x2  
  175  10:40  Siege Tank  
  178  10:48  SCV  
  160  10:57  SCV  
  160  10:58  SCV  
  162  11:11  Widow Mine x2  
  162  11:12  Siege Tank, Widow Mine  
  162  11:13  Siege Tank x2  
  162  11:15  Viking x2  
  179  11:44  Siege Tank  
  179  11:45  Viking x2  
  166  12:14  Siege Tank x2  
  166  12:15  Viking  
  166  12:24  Viking  
  166  12:26  Thor  
  166  12:27  Hellion x4  
  182  12:34  Command Center  
  157  12:46  Thor, Cyclone  
  157  12:48  Cyclone  
  157  12:49  Command Center  
  169  12:55  Hellion x2  
  173  13:00  Cyclone  
  173  13:03  Viking  
  173  13:04  Viking  
  176  13:07  Starport  
  176  13:09  Siege Tank  
  179  13:16  Cyclone x2  
  179  13:18  Siege Tank  
  185  13:29  Siege Tank  
  188  13:43  Hellion  
  188  13:45  Viking x2  
  188  13:46  Hellion, Siege Tank  
  183  13:51  Refinery  
  183  13:54  Refinery  
Show
View Real Time Build Order
Export as new Build Order

dNa Terran 

Build Orders: Mech 

Get SALT Encoding   

  12  0:01  SCV  
  13  0:13  SCV  
  14  0:17  Supply Depot  
  14  0:25  SCV  
  15  0:39  SCV, Barracks  
  16  0:51  SCV  
  16  0:52  Refinery  
  17  1:03  SCV  
  18  1:16  SCV  
  19  1:26  Marine  
  19  1:28  Orbital Command  
  20  1:40  Command Center  
  20  1:46  Marine  
  21  1:52  Supply Depot  
  21  1:55  SCV  
  22  2:05  Factory  
  22  2:09  Marine  
  22  2:13  SCV  
  24  2:20  Refinery  
  24  2:26  SCV  
  24  2:27  Marine  
  25  2:42  SCV  
  26  2:49  Marine  
  26  2:50  Factory Tech Lab  
  27  2:53  Starport  
  27  2:54  SCV  
  28  3:06  SCV  
  28  3:07  Marine  
  28  3:10  Siege Tank  
  28  3:11  Orbital Command  
  33  3:18  SCV  
  34  3:25  Marine  
  35  3:30  SCV  
  35  3:33  Supply Depot  
  36  3:34  Viking  
  36  3:37  SCV  
  39  3:48  Siege Tank  
  39  3:49  Marine  
  43  4:06  Marine  
  44  4:13  Viking  
  44  4:14  Supply Depot  
  44  4:15  SCV  
  47  4:23  Command Center  
  47  4:24  SCV  
  47  4:26  Siege Tank  
  50  4:52  SCV  
  51  4:53  Supply Depot  
  51  4:57  Engineering Bay  
  51  4:58  Siege Tank  
  50  5:19  SCV  
  48  5:32  SCV x2  
  50  5:54  Siege Tank  
  50  5:55  SCV x2  
  55  6:01  Factory  
  55  6:02  Factory  
  55  6:06  Orbital Command, Refinery  
  55  6:07  Refinery  
  55  6:10  Starport Reactor  
  55  6:11  Missile Turret x2  
  55  6:13  SCV  
  55  6:38  SCV x2  
  53  6:48  Siege Tank  
  53  6:50  Factory Reactor  
  53  6:51  Factory Tech Lab  
  53  6:53  Armory  
  54  6:55  SCV x2  
  54  6:58  Missile Turret  
  54  7:00  Missile Turret  
  54  7:01  Armory  
  56  7:07  SCV  
  57  7:18  Siege Tank  
  57  7:19  SCV x2  
  62  7:23  Missile Turret  
  62  7:28  Hellion x2, Missile Turret, Siege Tank  
  69  7:31  Missile Turret  
  69  7:32  Orbital Command, Missile Turret x2  
  69  7:34  Missile Turret  
  69  7:35  SCV  
  70  7:37  Missile Turret  
  70  7:46  Viking  
  70  7:47  Viking  
  74  8:01  Terran Vehicle Weapons Level 1  
  74  8:02  Terran Vehicle And Ship Armor Level 1  
  74  8:08  SCV x2  
  74  8:09  SCV, Refinery  
  74  8:10  Refinery  
  77  8:19  Supply Depot  
  77  8:20  Supply Depot  
  77  8:22  Supply Depot, Siege Tank x2  
  77  8:23  Hellion  
  85  8:40  SCV x2, Viking x2  
  85  8:41  SCV, Hellion  
  94  8:50  Hellion  
  94  8:53  SCV, Supply Depot  
  97  8:58  Supply Depot  
  97  8:59  Factory  
  97  9:01  Factory  
  97  9:04  Factory  
  97  9:07  Hellion, Siege Tank  
  102  9:10  SCV x2  
  102  9:11  SCV  
  105  9:26  Siege Tank  
  105  9:27  Viking x2  
  112  9:32  SCV x3  
  112  9:34  Hellion x2  
  112  9:36  Supply Depot  
  119  9:38  Supply Depot  
  119  9:42  Siege Tank  
  119  9:44  Factory Tech Lab  
  122  9:45  Factory Tech Lab  
  122  9:47  Factory Reactor  
  122  9:54  Missile Turret  
  122  9:56  Missile Turret  
  122  9:58  Missile Turret, Viking  
  118  10:26  Siege Tank x4  
  130  10:29  Viking x2  
  122  10:59  Viking  
  118  11:05  Siege Tank x2  
  118  11:06  Siege Tank  
  118  11:07  Hellion x2  
  118  11:08  Hellion, Viking  
  118  11:10  Siege Tank  
  138  11:11  Hellion  
  138  11:29  Viking  
  122  12:03  Siege Tank x3  
  122  12:05  Viking x2  
  133  12:24  Siege Tank  
  133  12:25  Hellion x2  
  140  12:31  Hellion  
  140  12:33  Hellion  
  140  12:35  Siege Tank x2  
  124  12:43  Siege Tank  
  110  12:46  Hellion  
  110  12:47  SCV  
  110  12:50  SCV  
  114  12:56  Siege Tank  
  112  13:19  Siege Tank x2  
  100  13:20  Hellion x2, Siege Tank  
  104  13:28  Hellion  
  106  13:40  Siege Tank  
Tags
 
Composition
MechMech
Matchup
TvT
Race
Terran
Spawn Locations
Cross Positions
Add a new tag
Caveats
  • Supply blocks, unpowered buildings, or Contaminate may cause inaccurate times.
  • Supply counts are checked every 10 seconds.